 Dungeon Crawl Stone Soup version 0.27-a0-1299-g1ab19c6527 (webtiles) character file.

Game seed: 4499135502849688999

37 bande the Skirmisher (level 3, -1/24 HPs)
             Began as a Gargoyle Fighter on June 16, 2021.
             Slain by Sigmund (6 damage)
             ... on level 2 of the Dungeon.
             The game lasted 00:02:10 (1465 turns).

bande the Skirmisher (Gargoyle Fighter)             Turns: 1465, Time: 00:02:10

Health: -1/24      AC: 10    Str: 19    XL:     3   Next: 39%
Magic:  3/3        EV:  7    Int:  8    God:
Gold:   56         SH:  0    Dex: 10    Spells: 2/2 levels left

rFire    . . .     SeeInvis .   a - +0 war axe
rCold    . . .     Faith    .   c - +0 kite shield
rNeg     + . .     Spirit   .   b - +0 scale mail
rPois    ∞         Reflect  .   (no helmet)
rElec    +         Harm     .   (no cloak)
rCorr    .         Rampage  .   (no gloves)
Will     .....                  (no boots)
Stlth    ..........             (no amulet)
HPRegen  0.08/turn              (no ring)
MPRegen  0.08/turn              (no ring)

@: confused, mighty
A: sickness immunity, AC +3, negative energy resistance 1, electricity
resistance, torment resistance 1, petrification resistance
a: no special abilities


You were on level 2 of the Dungeon.
You visited 1 branch of the dungeon, and saw 2 of its levels.

You collected 56 gold pieces.

Inventory:

Hand Weapons
 a - a +0 war axe (weapon)
Armour
 b - a +0 scale mail (worn)
 c - a +0 kite shield (worn)
Scrolls
 e - a scroll of magic mapping {unknown}
Potions
 d - a potion of might
 h - a potion of flight


   Skills:
 + Level 3.7 Fighting
 + Level 2.3 Axes
 + Level 3.6 Armour
 + Level 3.6 Shields


You had 2 spell levels left.
You didn't know any spells.
Your spell library was empty.

Dungeon Overview and Level Annotations

Branches:
Dungeon (2/15)

Altars:

Shops:
D:1 =

Annotations:
D:2 Sigmund


Innate Abilities, Weirdness & Mutations

You are immune to sickness and miasma.
Your stone body is resilient. (AC +3)
You are immune to poison.
You resist negative energy. (rN+)
You are resistant to electric shocks. (rElec)
You are resistant to unholy torment.
You are immune to petrification.


Message History

No target in view!
No target in view!
No target in view!
Sigmund the Dreaded comes into view.
He is wielding a +0 scythe.
Sigmund casts a spell at you.
The magic dart hits you but does no damage.
Sigmund is nearby!
Sigmund gestures at you while chanting. The magic dart hits you.
Sigmund drinks a potion.
Sigmund seems to speed up.
You feel very mighty all of a sudden. Sigmund casts a spell at you.
You resist with significant effort.
Sigmund points at you and mumbles some strange words.
The puff of flame hits you.
Sigmund hits you from afar with a +0 scythe!
You block Sigmund's attack. x2
You hit Sigmund.
Sigmund is lightly wounded.
Sigmund says, "I'm your fate." You block Sigmund's attack.
Sigmund hits you but does no damage.
You closely miss Sigmund.
Sigmund is lightly wounded.
Sigmund completely misses you.
Sigmund casts a spell.
Sigmund flickers and vanishes!
Deactivating autopickup; reactivate with Ctrl-A.
You closely miss something.
You hear some strange, mumbled words.
A puff of flame appears from out of thin air!
You block the puff of flame. Something hits you but does no damage.
You hear some strange, mumbled words.
You are confused.
You bump into the rock wall.
You hear some strange, mumbled words.
Something tries to affect you, but you resist.
Something hits you.
* * * LOW HITPOINT WARNING * * *
Something hits you.
You die...

..# #.# #.# #.# #.# #.#
#.# #.# #.# #.######.#
##.#######.....##†#
......{@....$#)##.######
...####...............#.
####.#.#.........#
#.#............
.........###.##
##.>......# #†##
#.#####.## #>## ...#
#.####)## #### #........


There were no monsters in sight!

Vanquished Creatures
  A worm (D:2)
  A dart slug (D:1)
  5 endoplasms
  3 giant cockroaches
  3 goblins
  4 hobgoblins
  A quokka (D:1)
  5 ball pythons
  2 bats (D:1)
  3 rats (D:1)
28 creatures vanquished.

Vanquished Creatures (others)
  A kobold (D:1)
1 creature vanquished.

Grand Total: 29 creatures vanquished

Notes
Turn   | Place    | Note
-------+----------+-------------------------------------------
     0 | D:1      | bande the Gargoyle Fighter began the quest for the Orb.
     0 | D:1      | Reached XP level 1. HP: 14/14 MP: 1/1
   101 | D:1      | Found Vytexka's Jewellery Boutique.
   159 | D:1      | Reached XP level 2. HP: 14/19 MP: 2/2
   889 | D:1      | Reached XP level 3. HP: 24/24 MP: 3/3
   894 | D:1      | Found a faded altar of an unknown god.
  1454 | D:2      | Noticed Sigmund
  1465 | D:2      | Slain by Sigmund

Illustrated notes

Levels and vault maps discovered:
D:1:      lemuel_arrival_behind_the_door_small, layout_rooms, serial_shops,
          nicolae_shop_window_shopping, shapermc_ecumenical_altar_mp_highgroup,
          lemuel_flame_loot_1
D:2:      layout_loops_ring, minmay_misc_feat_doors, uniq_sigmund, uniq_natasha

Skill      XL: |  1  2 |
---------------+-------+-----
Axes           | 2 |  2.3
Fighting       | |  3.7
Armour         | |  3.6
Shields        | |  3.6

Action                   || total
-------------------------++-------
Melee: War axe           ||    69
  Use: Scroll            ||     4
       Potion            ||     1
Armor: Scale mail        ||    42
Dodge: Dodged            ||    26
Block: Kite shield       ||    45

Table legend: (Time is in decaauts)
 A = Elapsed time spent in this place.
 B = Non-inter-level travel time spent in this place.
 C = Inter-level travel time spent in this place.
 D = Time resting spent in this place.
 E = Time spent auto-exploring this place.
 F = Levels seen in this place.
 G = Mean time per level.
                   A        B        C        D        E       F      G
               +--------+--------+--------+--------+--------+-----+--------+
         Total |   1508 |   1508 |      0 |    200 |   1100 |   2 |  754.0 |
       Dungeon |   1508 |   1508 |      0 |    200 |   1100 |   2 |  754.0 |
               +--------+--------+--------+--------+--------+-----+--------+

Top non-repeatable levels by time:
     D:1: 1053 daAuts
     D:2: 454 daAuts
